 Dungeon Crawl Stone Soup version 0.29-a0-723-gce39da1c22 (webtiles) character file.

Game seed: 2779364998526406234

137354 dolemite99 the Severer (level 17, -6/130 HPs)
             Began as a Hill Orc Fighter on June 29, 2022.
             Was a High Priest of Okawaru.
             Blown up by a sun moth (12 damage)
             ... with a bolt of energy
             ... on level 2 of the Spider Nest.
             The game lasted 00:48:09 (33085 turns).

dolemite99 the Severer (Hill Orc Fighter)          Turns: 33085, Time: 00:48:10

Health: -6/130     AC: 38    Str: 27    XL:     17   Next: 23%
Magic:  3/20       EV:  9    Int: 11    God:    Okawaru [*****.]
Gold:   590        SH:  5    Dex: 10    Spells: 16/16 levels left

rFire   + + .      SeeInvis .   a - +3 battleaxe (vamp)
rCold   + . .      Faith    .   (shield currently unavailable)
rNeg    . . .      Spirit   .   G - +7 chain mail of Palaac {rC+}
rPois   +          Reflect  +   D - +1 helmet {Int+3}
rElec   .          Harm     .   B - +2 cloak {rCorr}
rCorr   +          Rampage  .   q - +2 pair of gloves
Will    +....                   p - +1 pair of boots
Stlth   ..........              E - amulet "Inyw" {Reflect Contam Fly rPois rF++ SH+5}
HPRegen 0.31/turn               d - +4 ring of protection
MPRegen 0.17/turn               c - +4 ring of slaying {=R}

@: on fire, on berserk cooldown, flying, slowed, glowing, studying Staves, very
slow
A: frail 2, low MP 1, screaming 1, subdued magic 1
a: Renounce Religion, Heroism, Finesse, Duel


You were on level 2 of the Spider Nest.
You worshipped Okawaru.
Okawaru was extremely pleased with you.
You visited 4 branches of the dungeon, and saw 25 of its levels.
You also visited: Ice Cave.

You collected 2619 gold pieces.
You spent 2029 gold pieces at shops.

Inventory:

Hand Weapons
 a - a +3 vampiric battleaxe (weapon)
 b - a +0 battleaxe of flaming
 y - a +2 battleaxe
 N - a +2 antimagic executioner's axe
Missiles
 h - 31 poisoned darts (quivered)
 m - 3 throwing nets
 v - 6 javelins
 T - 2 silver javelins
 X - 6 boomerangs
Armour
 p - a +1 pair of boots (worn)
 q - a +2 pair of gloves (worn)
 B - a +2 cloak of preservation (worn)
 D - a +1 helmet of intelligence (worn)
 G - the +7 chain mail of Palaac (worn) {rC+}
   (Okawaru gifted it to you on level 9 of the Dungeon)

   rC:        It protects you from cold.
 P - a scarf of repulsion
 Y - the +1 helmet of the Boiling Point {Rampage Fly Str+2}
   (You found it in an ice cave)

   Str:       It affects your strength (+2).
   Fly:       It grants you flight.
   Rampage:   It bestows one free step when moving towards enemies.
Jewellery
 c - a +4 ring of slaying (right hand) {=R}
 d - a +4 ring of protection (left hand)
 g - a ring of willpower
 i - a +4 ring of evasion
 t - a +4 ring of evasion
 z - a ring of ice
 E - the amulet "Inyw" (around neck) {Reflect Contam Fly rPois rF++ SH+5}
   (You found it on level 11 of the Dungeon)

   [amulet of reflection]

   It reflects blocked missile attacks.
   rF:        It greatly protects you from fire.
   rPois:     It protects you from poison.
   Fly:       It grants you flight.
   Contam:    It causes magical contamination when unequipped.
   SH:        It affects your SH (+5).
 M - an amulet of reflection
Wands
 w - a wand of flame (40)
 J - a wand of polymorph (19)
 S - a wand of iceblast (15)
Scrolls
 e - 4 scrolls of fog
 f - a scroll of acquirement {unknown}
 k - a scroll of magic mapping
 o - 3 scrolls of poison
 C - 11 scrolls of identify {@r1}
 F - 4 scrolls of fear
 L - a scroll of blinking
 Z - 2 scrolls of silence
Potions
 j - 9 potions of curing
 l - 2 potions of ambrosia
 n - 2 potions of haste
 s - a potion of berserk rage
 u - 5 potions of brilliance
 x - 9 potions of flight
 I - 4 potions of invisibility
 K - 2 potions of degeneration
 O - a potion of resistance
 Q - 4 potions of magic
 R - 9 potions of attraction
 U - 2 potions of lignification
 V - a potion of cancellation
 W - 2 potions of might
Miscellaneous
 r - a phial of floods (inert)
 A - a condenser vane


   Skills:
 - Level 18.0 Fighting
 - Level 20.0 Axes
 + Level 6.2 Throwing
 - Level 17.1 Armour
 - Level 3.4 Shields
 - Level 7.3 Invocations
 - Level 13.4 Evocations


You had 16 spell levels left.
You didn't know any spells.
Your spell library contained the following spells:

 Spells                   Type           Power      Damage    Failure   Level
 Apportation              Tloc           0%         N/A       71%         1
 Blink                    Tloc           0%         N/A       85%         2
 Scorch                   Fire           0%         2d5       85%         2
 Sublimation of Blood     Necr           0%         N/A       85%         2
 Confusing Touch          Hex            0%         N/A       97%         3
 Dazzling Flash           Conj/Hex       0%         N/A       97%         3
 Gell's Gravitas          Tloc           0%         N/A       97%         3
 Lesser Beckoning         Tloc           0%         N/A       97%         3
 Ozocubu's Armour         Ice            0%         N/A       97%         3
 Teleport Other           Tloc           0%         N/A       97%         3
 Flame Wave               Conj/Fire      0%         2d4       100%        4
 Passage of Golubria      Tloc           0%         N/A       100%        4
 Petrify                  Tmut/Erth      0%         N/A       100%        4
 Agony                    Necr           0%         N/A       100%        5
 Alistair's Intoxication  Tmut/Pois      0%         N/A       100%        5
 Irradiate                Conj/Tmut      0%         3d13      100%        5
 Manifold Assault         Tloc           0%         N/A       100%        5
 Metabolic Englaciation   Hex/Ice        0%         N/A       100%        5
 Silence                  Hex/Air        0%         N/A       100%        5
 Yara's Violent Unravell  Hex/Tmut       0%         3d3       100%        5
 Enfeeble                 Hex            0%         N/A       100%        7
 Lehudib's Crystal Spear  Conj/Erth      0%         10d2      100%        8
 Simulacrum               Ice/Necr       Unusable   N/A       N/A         6
 Summon Cactus Giant      Summ           Unusable   N/A       N/A         6

Dungeon Overview and Level Annotations

Branches:
Dungeon (15/15)            Temple (0/1) D:5            Lair (6/6) D:9
 Shoals (0/4) Lair:2       Spider (2/4) Lair:2        Slime (0/5) Lair:5
    Orc (2/2) D:10            Elf (0/3) Orc:2        Vaults (0/5) D:14
 Depths (0/4) D:15          IceCv (visited)

Altars:
Dithmenos
Gozag
Okawaru
Trog
Uskayaw
Vehumet
Xom
Yredelemnul
Zin

Shops:
D:5 [:   D:8 *:[   Orc:1 ?   Orc:2 :=*[

Annotations:
D:5 3 runed translucent doors, Firecrotchwizard's ghost, novice DjCj
D:7 1 runed translucent door, spaghetti's ghost, novice GnWn
D:15 2 transporters, Cyetsa's ghost, adept FoFi
Lair:2 4 runed translucent doors, Hailok's ghost, journeyman MfGl


Innate Abilities, Weirdness & Mutations

You are very frail. (-20% HP)
Your magical capacity is low. (-10% MP)
You occasionally shout uncontrollably at your foes.
Your spells are a little easier to cast, but a little less powerful.


Message History

The sun moth throws energy at you.
The bolt of energy hits you but does no damage.
The sun moth bites you but does no damage.
You hit the sun moth.
The sun moth is severely wounded.
The sun moth throws energy at you. The bolt of energy hits you!!!
* * * LOW HITPOINT WARNING * * *
You slice the sun moth!!
The sun moth is almost dead.
The sun moth throws sticky fire at you. The sticky flame hits you. You resist.
You are covered in liquid flames!
* * * LOW HITPOINT WARNING * * *
You barely miss the sun moth.
The sun moth is almost dead.
You are covered in liquid flames!
* * * LOW HITPOINT WARNING * * *
The sun moth barely misses you.
You closely miss the sun moth.
The sun moth is almost dead.
You are covered in liquid flames!
* * * LOW HITPOINT WARNING * * *
You are no longer on fire.
You feel like a meek peon again. You block the sun moth's attack.
The sun moth throws energy at you. The bolt of energy hits you!!
* * * LOW HITPOINT WARNING * * *
You feel better. The sun moth bites you!
* * * LOW HITPOINT WARNING * * *
You are covered in liquid flames.
You are covered in liquid flames!
You feel better.
You are covered in liquid flames!
* * * LOW HITPOINT WARNING * * *
The sun moth bites you.
* * * LOW HITPOINT WARNING * * *
The sun moth throws energy at you. The bolt of energy hits you!
You die...

.............
........................
.......................#
......................#
.......#..#...........#
......................#
.....#..#.............# .
......................##..
....#######....y@.........
...#####........†.........
..###...........†.........
B###..#...#..#..†.....##..
≈##.^..##....#........#
≈##..^#.##.s.#.#...^..#
.##..#.[.#s.##........#
.#.†.##.#..s##........#
.#..(.##.s.?##.........#


You could see a sun moth.

Vanquished Creatures
  Gastronok (D:9)
  2 ghost moths
  A dire elephant (D:15)
  3 spark wasps
  2 entropy weavers (Spider:1)
  A white draconian (IceCv)
  An ettin (Orc:2)
  Snorg (D:10)
  16 hydras
  An ice dragon (IceCv)
  An ogre mage (D:15)
  A rakshasa (D:14)
  6 boulder beetles
  5 catoblepae
  A centaur warrior (D:14)
  6 ironbound frosthearts (IceCv)
  11 two-headed ogres
  A radroach (Spider:2)
  11 death yaks
  4 orc high priests (Orc:2)
  2 tengu warriors (D:13)
  Urug (D:11)
  A sun moth (Spider:1)
  3 pharaoh ants
  Amaemon (Lair:3)
  3 orb spiders
  2 steelbarb worms
  A lindwurm (Lair:2)
  2 orc knights
  An orange crystal statue (IceCv)
  8 wolf spiders
  3 deep elf pyromancers
  8 manticores
  14 ugly things
  2 orc sorcerers (Orc:2)
  A salamander (shapeshifter) (D:13)
  5 cyclopes
  A salamander (D:15)
  6 black mambas
  12 elephants
  Maurice (D:12)
  A moth of wrath (Spider:2)
  A merfolk siren (Lair:2)
  An orange demon (Lair:3)
  Maggie (D:10)
  11 cane toads
  2 torpor snails
  19 rime drakes
  4 demonic crawlers
  4 yaktaurs (D:14)
  2 kobold demonologists (D:13)
  9 komodo dragons
  An unseen horror (D:12)
  2 efreet
  8 trolls
  22 polar bears
  Grinder (D:3)
  2 hornets
  12 tarantellas
  24 blink frogs
  3 jumping spiders
  A culicivora (shapeshifter) (D:15)
  Sigmund (D:5)
  6 wyverns
  2 shadows
  A vampire (D:14)
  2 wraiths
  11 culicivoras
  9 basilisks
  43 yaks
  11 vampire mosquitoes
  3 steam dragons
  31 redbacks
  3 wargs
  13 water moccasins
  A sky beast (D:6)
  23 orc warriors
  2 black bears
  20 wolves
  A boggart (D:14)
  8 ogres
  10 centaurs
  10 kobold brigands
  18 bullfrogs
  A necrophage (D:4)
  7 earth elementals (D:15)
  A scorpion (D:6)
  16 wights
  10 killer bees
  4 howler monkeys
  6 electric eels
  A hound (D:6)
  3 gnoll shamans
  33 orc priests
  5 iguanas
  27 orc wizards
  Robin (D:2)
  15 gnolls
  10 adders
  A shadow imp (D:6)
  A white imp (D:7)
  An ufetubus (D:5)
  3 adder zombies (D:3)
  3 dart slugs
  55 orcs
  5 endoplasms
  2 giant cockroaches
  9 goblins
  5 hobgoblins
  16 jackals
  32 kobolds
  A quokka (D:2)
  8 ball pythons
  7 bats
  2 frilled lizards
  5 rats
810 creatures vanquished.

Vanquished Creatures (others)
  An ogre mage (D:14)
  2 orc priests
  An orc (Orc:1)
  A kobold (D:8)
  29 fungi
  25 plants
59 creatures vanquished.

Grand Total: 869 creatures vanquished

Notes
Turn   | Place    | Note
-------+----------+-------------------------------------------
     0 | D:1      | dolemite99 the Hill Orc Fighter began the quest for the
                  | Orb.
     0 | D:1      | Reached XP level 1. HP: 19/19 MP: 1/1
    37 | D:1      | Found a faded altar of an unknown god.
    55 | D:1      | Reached skill level 3 in Axes
   187 | D:1      | Prayed at the altar of an unknown god.
   187 | D:1      | Became a worshipper of Warmaster Okawaru
   187 | D:1      | Reached * piety under Okawaru
   230 | D:1      | Reached XP level 2. HP: 24/26 MP: 2/2
   461 | D:1      | Reached skill level 4 in Axes
   942 | D:2      | Reached XP level 3. HP: 5/31 MP: 3/3
  1587 | D:2      | Reached skill level 5 in Axes
  2084 | D:2      | Reached XP level 4. HP: 26/39 MP: 4/4
  2458 | D:2      | Noticed Robin
  2469 | D:2      | Killed Robin
  2470 | D:2      | Reached skill level 6 in Axes
  3020 | D:3      | Noticed Grinder
  3021 | D:3      | Paralysed by Grinder for 3 turns
  3030 | D:3      | Killed Grinder
  3030 | D:3      | Reached ** piety under Okawaru
  3031 | D:3      | Reached skill level 8 in Axes
  3031 | D:3      | Reached XP level 5. HP: 25/45 MP: 2/5
  3031 | D:3      | Reached XP level 6. HP: 28/51 MP: 2/6
  3794 | D:3      | Found a basalt altar of Yredelemnul.
  3880 | D:3      | Reached skill level 9 in Axes
  4399 | D:4      | Reached XP level 7. HP: 57/57 MP: 7/7
  4763 | D:4      | Reached skill level 10 in Axes
  5565 | D:5      | Entered Level 5 of the Dungeon
  5582 | D:5      | Found Quqami's Armour Shop.
  5760 | D:5      | Noticed Sigmund
  5768 | D:5      | Killed Sigmund
  5811 | D:5      | Noticed a yak
  5833 | D:5      | Reached skill level 11 in Axes
  5880 | D:5      | Found a runed translucent gate.
  5880 | D:5      | Found a runed translucent gate.
  5880 | D:5      | Found a runed translucent gate.
  5880 | D:5      | Noticed Firecrotchwizard's ghost (novice DjCj)
  5892 | D:5      | Found Viptid's Book Emporium.
  6040 | D:5      | Found a staircase to the Ecumenical Temple.
  6761 | D:5      | Found a glowing silver altar of Zin.
  6769 | D:5      | Noticed an angel
  6833 | D:6      | Reached XP level 8. HP: 47/64 MP: 8/8
  6966 | D:6      | Found a hide-covered altar of Uskayaw.
  7225 | D:6      | Reached skill level 12 in Axes
  7289 | D:6      | Reached *** piety under Okawaru
  7665 | D:6      | Reached skill level 13 in Axes
  8497 | D:7      | Reached skill level 14 in Axes
  8500 | D:7      | Reached **** piety under Okawaru
  8623 | D:7      | Reached XP level 9. HP: 60/70 MP: 7/9
  8648 | D:7      | Found a runed translucent door.
  8845 | D:7      | Noticed spaghetti's ghost (novice GnWn)
  8852 | D:7      | Reached skill level 15 in Axes
  9253 | D:7      | Reached skill level 16 in Axes
  9853 | D:8      | Reached skill level 1 in Invocations
  9939 | D:8      | Reached skill level 5 in Invocations
 10182 | D:8      | Reached XP level 10. HP: 73/77 MP: 11/14
 10356 | D:8      | Found a shimmering altar of Xom.
 10462 | D:8      | Found Garec's Antique Armour Shoppe.
 10462 | D:8      | Found Tieforgh's Book Emporium.
 10464 | D:8      | Found Utuinauts's General Store.
 10472 | D:8      | Bought a potion of curing for 39 gold pieces
 10472 | D:8      | Bought a potion of curing for 39 gold pieces
 10472 | D:8      | Bought a scroll of identify for 26 gold pieces
 10476 | D:8      | Bought a shiny helmet for 150 gold pieces
 10648 | D:9      | Noticed Gastronok
 10687 | D:9      | Killed Gastronok
 10687 | D:9      | Reached ***** piety under Okawaru
 10728 | D:9      | Noticed an elephant
 10738 | D:9      | Killed an elephant
 10771 | D:9      | Found a staircase to the Lair.
 10820 | D:9      | Found a radiant altar of Vehumet.
 10862 | D:9      | Noticed a four-headed hydra
 10869 | D:9      | Killed a one-headed hydra
 10870 | D:9      | Reached skill level 10 in Fighting
 11073 | D:9      | Reached XP level 11. HP: 101/101 MP: 13/16
 11089 | D:9      | Noticed a two-headed ogre
 11101 | D:9      | Killed a two-headed ogre
 11355 | D:9      | Identified the +7 chain mail of Palaac {rC+} (Okawaru
                  | gifted it to you on level 9 of the Dungeon)
 11355 | D:9      | Received a gift from Okawaru
 11672 | D:10     | Entered Level 10 of the Dungeon
 11817 | D:10     | Noticed Maggie
 11830 | D:10     | Killed Maggie
 11831 | D:10     | Found a staircase to the Orcish Mines.
 11861 | D:10     | Found an opulent altar of Gozag.
 11955 | D:10     | Noticed a two-headed ogre
 11966 | D:10     | Reached skill level 5 in Armour
 11967 | D:10     | Killed a two-headed ogre
 12264 | D:10     | Noticed Snorg
 12275 | D:10     | Killed Snorg
 12928 | Lair:1   | Entered Level 1 of the Lair of Beasts
 13218 | Lair:1   | Reached XP level 12. HP: 76/112 MP: 14/17
 13222 | Lair:1   | Reached skill level 10 in Armour
 13478 | Lair:1   | Identified the +4 chain mail of the Loofah {Str+3} (Okawaru
                  | gifted it to you on level 1 of the Lair of Beasts)
 13478 | Lair:1   | Received a gift from Okawaru
 14046 | Lair:2   | Found a runed translucent door.
 14063 | Lair:2   | Noticed a four-headed hydra
 14074 | Lair:2   | Killed a one-headed hydra
 14717 | Lair:2   | Found a hole to the Spider Nest.
 14799 | Lair:2   | Found a runed translucent door.
 14801 | Lair:2   | Noticed Hailok's ghost (journeyman MfGl)
 14810 | Lair:2   | Found a staircase to the Shoals.
 15013 | Lair:2   | Found a runed translucent gate.
 15013 | Lair:2   | Found a runed translucent gate.
 15013 | Lair:2   | Noticed a boulder beetle
 15013 | Lair:2   | Noticed a boulder beetle
 15016 | Lair:2   | Found a runed translucent gate.
 15016 | Lair:2   | Found a runed translucent gate.
 15016 | Lair:2   | Found a runed translucent gate.
 15031 | Lair:2   | Found a runed translucent gate.
 15063 | Lair:2   | Killed a boulder beetle
 15074 | Lair:2   | Killed a boulder beetle
 15145 | Lair:3   | Noticed Amaemon
 15158 | Lair:3   | Received a gift from Okawaru
 15159 | Lair:3   | Reached skill level 1 in Evocations
 15164 | Lair:3   | Killed Amaemon
 15285 | Lair:3   | Noticed a seven-headed hydra
 15293 | Lair:3   | Killed a three-headed hydra
 15648 | Lair:3   | Noticed a death yak
 15648 | Lair:3   | Noticed a death yak
 15650 | Lair:3   | Noticed a death yak
 15650 | Lair:3   | Noticed a death yak
 15661 | Lair:3   | Killed a death yak
 15662 | Lair:3   | Reached skill level 5 in Evocations
 15662 | Lair:3   | Reached XP level 13. HP: 69/122 MP: 16/18
 15671 | Lair:3   | Reached ****** piety under Okawaru
 16133 | Lair:3   | Received a gift from Okawaru
 16250 | Lair:3   | Reached skill level 17 in Axes
 17123 | Lair:4   | Reached skill level 18 in Axes
 18018 | Lair:4   | Reached skill level 19 in Axes
 18628 | Lair:5   | Found a dark tunnel.
 18674 | Lair:5   | Received a gift from Okawaru
 18915 | Lair:5   | Reached skill level 20 in Axes
 19162 | Lair:5   | Found a staircase to the Slime Pits.
 19406 | Lair:6   | Entered Level 6 of the Lair of Beasts
 19420 | Lair:6   | Reached XP level 14. HP: 129/129 MP: 17/19
 19659 | Lair:6   | Received a gift from Okawaru
 19764 | Lair:6   | Reached skill level 10 in Evocations
 20002 | Lair:6   | Received a gift from Okawaru
 20608 | Lair:6   | Received a gift from Okawaru
 21886 | D:11     | Found a shadowy altar of Dithmenos.
 21918 | D:11     | Noticed Urug
 21929 | D:11     | Killed Urug
 21939 | D:11     | Identified the amulet "Inyw" {Reflect Contam Fly rPois rF++
                  | SH+5}
 22091 | D:12     | Reached XP level 15. HP: 136/136 MP: 17/20
 22135 | D:12     | Noticed Maurice
 22145 | D:12     | Killed Maurice
 22770 | D:13     | Received a gift from Okawaru
 23248 | D:13     | Reached skill level 15 in Fighting
 23564 | Orc:1    | Entered Level 1 of the Orcish Mines
 23632 | Orc:1    | Found Reduda's Magic Scroll Boutique.
 23645 | Orc:1    | Bought a scroll of enchant weapon for 105 gold pieces
 23645 | Orc:1    | Bought a scroll of silence for 105 gold pieces
 23850 | Orc:2    | Entered Level 2 of the Orcish Mines
 24438 | Orc:2    | Gained mutation: You are frail. (-10% HP) [a neqoxec]
 24439 | Orc:2    | Gained mutation: Your magical capacity is low. (-10% MP) [a
                  | neqoxec]
 24443 | Orc:2    | Gained mutation: Your spells are a little easier to cast,
                  | but a little less powerful. [a neqoxec]
 24469 | Orc:2    | Paralysed by an orc sorcerer for 5 turns
 24609 | Orc:2    | Found Ymmaitok's Book Shop.
 24609 | Orc:2    | Found Byfid's General Store.
 24610 | Orc:2    | Found Akeqann's Armour Boutique.
 24614 | Orc:2    | Found Nyats's Jewellery Shop.
 24620 | Orc:2    | Bought a wand of iceblast (6) for 140 gold pieces
 24620 | Orc:2    | Bought a wand of iceblast (7) for 154 gold pieces
 24626 | Orc:2    | Bought a phial of floods for 560 gold pieces
 24632 | Orc:2    | Bought 2 potions of curing for 84 gold pieces
 24632 | Orc:2    | Bought a potion of invisibility for 112 gold pieces
 24632 | Orc:2    | Bought a potion of haste for 140 gold pieces
 24640 | Orc:2    | Bought a ring of willpower for 375 gold pieces
 24942 | Orc:2    | Found a staircase to the Elven Halls.
 26047 | D:14     | Received a gift from Okawaru
 26542 | D:14     | Found a gate to the Vaults.
 27043 | D:15     | Entered Level 15 of the Dungeon
 27419 | D:15     | Found a frozen archway.
 27427 | IceCv    | Entered an ice cave
 27508 | IceCv    | Reached XP level 16. HP: 139/139 MP: 17/19
 27709 | IceCv    | Identified the +1 helmet of the Boiling Point {Rampage Fly
                  | Str+2}
 27946 | IceCv    | Reached skill level 15 in Armour
 28249 | IceCv    | Noticed a shard shrike
 29518 | D:15     | Received a gift from Okawaru
 29749 | D:15     | Found a transporter.
 29824 | D:15     | Found a staircase to the Depths.
 30243 | D:15     | Found a transporter.
 30248 | D:15     | Noticed Cyetsa's ghost (adept FoFi)
 30251 | D:15     | Found a bloodstained altar of Trog.
 30854 | Spider:1 | Entered Level 1 of the Spider Nest
 32287 | Spider:1 | Reached skill level 1 in Throwing
 32881 | Spider:2 | Reached XP level 17. HP: 146/146 MP: 18/20
 32986 | Spider:2 | Gained mutation: You occasionally shout uncontrollably at
                  | your foes. [mutagenic glow]
 32987 | Spider:2 | Received a gift from Okawaru
 33005 | Spider:2 | Gained mutation: You are very frail. (-20% HP) [mutagenic
                  | glow]
 33007 | Spider:2 | Reached skill level 5 in Throwing
 33084 | Spider:2 | HP: 6/130 [sun moth (10)]
 33085 | Spider:2 | Blown up by a sun moth

Illustrated notes

Levels and vault maps discovered:
D:1:      moated_graveyard_arrival, layout_basic, ebering_ecumenical_altar_webs
D:2:      layout_basic, serial_co_window_serial, co_window_paths_b,
          co_window_corner_a, co_window_corner_a, co_window_cross_1,
          co_window_paths_b, co_window_broadway_c, co_window_broadway_b,
          co_window_corner_ca, co_window_corner_b, co_window_corner_cb,
          co_window_broadway_a, glass_columns_a, glass_columns_c,
          glass_columns_b, glass_columns_b, glass_columns_b, uniq_robin
D:3:      layout_rooms, nicolae_yredelemnul_corpse_copse, uniq_grinder
D:4:      layout_gridville
D:5:      layout_loops_ring, zin_angel, temple_fountains, gammafunk_ghost_split,
          serial_shops, nicolae_diamond_shop, shop, uniq_sigmund
D:6:      layout_basic, mainiacjoe_overflow_alcove_1, grunt_ministairs_3
D:7:      layout_rooms, ebering_ghost_reflecting_pool, serial_bayou_pond_a,
          minmay_misc_feat_columns
D:8:      layout_gridville, mainiacjoe_overflow_catwalk, grunt_decor_arrowhead,
          nicolae_wooded_promenade
D:9:      layout_cave_pools, vehumet_altar_wand_db, david_lair_generic,
          serial_rivers, chequers_serial_rivers_micro_b,
          chequers_serial_rivers_marsh, chequers_serial_rivers_small_3,
          chequers_serial_rivers_small_b, chequers_serial_rivers_small_b,
          chequers_serial_rivers_small_3, minmay_misc_feat_roman, minmay_puff,
          uniq_gastronok
D:10:     layout_stronghold, nicolae_gozag_seed_capital, orc_0_dummy,
          nicolae_straight_to_the_point, uniq_snorg, uniq_maggie
D:11:     layout_rooms, chequers_serial_rivers_micro_d,
          nicolae_dithmenos_the_darkroom, uniq_urug
D:12:     layout_rooms, uniq_maurice
D:13:     layout_grid_maze
D:14:     layout_cave_pods, hangedman_vaults_entry_quadrant_bands,
          minmay_misc_feat_plants
D:15:     hangedman_depths_entry_try_elsewhere_first, layout_stronghold,
          gammafunk_ghost_wrathful_warriors, portal_ice_cave_entry_pillars_2,
          hangedman_cracks_in_the_wall
Lair:1:   layout_roguey, chequers_serial_rivers_large_a, grunt_megastairs_5,
          lemuel_fruit_tree
Lair:2:   gammafunk_indiana_jones, layout_regular_city,
          minmay_shoals_entry_lonely_mermaid, spider_nest_entry_rubble,
          ebering_ghost_reflecting_pool
Lair:3:   layout_regular_city, uniq_amaemon
Lair:4:   layout_gridlike, grunt_megastairs_4, lemuel_fruit_fields
Lair:5:   layout_gridlike, dpeg_slime_entry_enclosed,
          nicolae_volcano_entry_lava_flow
Lair:6:   evilmike_catoblepas_cave, layout_cave_pods, serial_bayou_shore_a,
          infiniplex_staircase_pool
Spider:1: layout_chambers
Spider:2: cheibrodos_forgotten_conduit, nicolae_spider_moth_buddies,
          nicolae_spider_cling_halls
Orc:1:    layout_caves, serial_shops, shop, nicolae_shop_waterfront
Orc:2:    st_orc_mages, layout_diamond_mine

Skill      XL: |  1  2  3  4  5  6  7  8  9 10 11 12 13 14 15 16 17 |
---------------+----------------------------------------------------+-----
Axes           | 3 4 5 8 9 11 14 16 20 | 20.0
Invocations    | 6 7 |  7.3
Fighting       | 10 12 13 17 18 | 18.0
Armour         | 9 12 13 17 | 17.1
Evocations     | 5 6 13 | 13.4
Throwing       | 2 6 |  6.2
Shields        | |  3.4

Action                   |  1- 3 |  4- 6 |  7- 9 | 10-12 | 13-15 | 16-18 || total
-------------------------+-------+-------+-------+-------+-------+-------++-------
Melee: War axe           |    85 |    99 |   200 |       |     1 |       ||   385
       Broad axe         |       |       |    38 |   428 |   189 |       ||   655
       Battleaxe         |       |       |       |       |   797 |   452 ||  1249
 Fire: Arbalest          |       |       |       |       |     1 |       ||     1
Throw: Dart              |    15 |    17 |    30 |       |   245 |   112 ||   419
       Stone             |     5 |    16 |       |       |       |       ||    21
       Boomerang         |       |       |    32 |    86 |     5 |       ||   123
Invok: Heroism           |       |     2 |    31 |    42 |    83 |    59 ||   217
       Finesse           |       |       |       |     3 |     2 |       ||     5
Evoke: Wand              |       |       |       |     9 |     6 |     4 ||    19
       Condenser vane    |       |       |       |       |     2 |     2 ||     4
       Phial of floods   |       |       |       |       |     2 |     1 ||     3
  Use: Potion            |     1 |       |       |       |     1 |    11 ||    13
       Scroll            |     1 |     7 |    14 |     4 |    10 |    11 ||    47
 Stab: Petrifying        |       |       |       |       |     2 |       ||     2
       Petrified         |       |       |       |       |     1 |       ||     1
       Invisible         |       |       |       |       |     5 |       ||     5
Armor: Scale mail        |    37 |    53 |    21 |       |       |       ||   111
       Chain mail        |       |       |    11 |    99 |   649 |   372 ||  1131
       Plate armour      |       |       |    87 |    40 |       |       ||   127
Dodge: Dodged            |    52 |    49 |   159 |   258 |   566 |   174 ||  1258
Block: Buckler           |    16 |    15 |    43 |    71 |    51 |       ||   196
       Other             |       |       |       |       |    94 |   112 ||   206
       Reflection        |       |       |       |       |    10 |     1 ||    11

Table legend: (Time is in decaauts)
 A = Elapsed time spent in this place.
 B = Non-inter-level travel time spent in this place.
 C = Inter-level travel time spent in this place.
 D = Time resting spent in this place.
 E = Time spent auto-exploring this place.
 F = Levels seen in this place.
 G = Mean time per level.
                   A        B        C        D        E       F      G
               +--------+--------+--------+--------+--------+-----+--------+
         Total |  32527 |  31111 |   1416 |   7240 |  17184 |  26 | 1251.0 |
       Dungeon |  18503 |  17501 |   1002 |   4178 |   9835 |  15 | 1233.5 |
          Lair |   8280 |   7977 |    303 |   1440 |   4720 |   6 | 1380.0 |
   Spider Nest |   2145 |   2107 |     38 |    409 |   1243 |   2 | 1072.5 |
  Orcish Mines |   1612 |   1540 |     72 |    104 |    929 |   2 |  806.0 |
      Ice Cave |   1986 |   1986 |      0 |   1109 |    456 |   1 | 1986.0 |
               +--------+--------+--------+--------+--------+-----+--------+

Top non-repeatable levels by time:
     D:2: 2534 daAuts
   IceCv: 1986 daAuts
Spider:1: 1942 daAuts
  Lair:3: 1895 daAuts
  Lair:6: 1784 daAuts
    D:14: 1685 daAuts
    D:15: 1584 daAuts
     D:6: 1572 daAuts
     D:4: 1540 daAuts
  Lair:4: 1390 daAuts
   Orc:2: 1337 daAuts
    D:10: 1310 daAuts
     D:5: 1259 daAuts
  Lair:2: 1242 daAuts
     D:7: 1204 daAuts
